 Dungeon Crawl Stone Soup version 0.18.1-48-g4cf74bf (webtiles) character file.

9533 Laphicet the Arsonist (level 11, 0/94 HPs)
             Began as a Grey Draconian Fire Elementalist on Sept 8, 2016.
             Was a High Priest of Okawaru.
             Slain by a swamp worm (9 damage)
             ... on level 3 of the Lair of Beasts.
             The game lasted 00:37:36 (16142 turns).

Laphicet the Arsonist (DrFE)                       Turns: 16142, Time: 00:37:41

Health: 0/94       AC: 14    Str: 11    XL:     11   Next: 24%
Magic:  5/21       EV: 14    Int: 19    God:    Okawaru [*****.]
Gold:   273        SH:  0    Dex:  9    Spells: 5 memorised, 9 levels left

rFire  + . .     SeeInvis .     D - +3 rapier "Damarapt" {holy, +Rage rF+}
rCold  + + .     Gourm    .     (armour unavailable)
rNeg   . . .     Faith    .     (no shield)
rPois  .         Spirit   .     P - +0 hat
rElec  .         Dismiss  .     (no cloak)
rCorr  +         Reflect  .     k - +1 pair of gloves
SustAt .         Harm     .     (no boots)
MR     .....                    (no amulet)
Stlth  ++++......               f - ring of resist corrosion
                                w - ring of stealth

@: very slightly contaminated, not resistant to hostile enchantments, stealthy
A: walk through water, unfitting armour, horns 1, clumsy 1, cold resistance 2,
unbreathing, cold-blooded, subdued magic 1, AC +12
a: Heroism, Finesse, Renounce Religion, Evoke Berserk Rage


You were on level 3 of the Lair of Beasts.
You worshipped Okawaru.
Okawaru was extremely pleased with you.
You were not hungry.

You visited 2 branches of the dungeon, and saw 13 of its levels.

You collected 706 gold pieces.
You spent 433 gold pieces at shops.

Inventory:

Hand Weapons
 h - a +3 short sword of draining
 D - the +3 rapier "Damarapt" (weapon) {holy, +Rage rF+}
   (You found it on level 4 of the Dungeon)

   It has been blessed by the Shining One to cause great damage to the undead
   and demons.
   It protects you from fire.
   It lets you go berserk.
 H - the +1 long sword of Kalororgh {freeze, Dex+2}
   (You bought it in a shop on level 9 of the Dungeon)

   It has been specially enchanted to freeze those struck by it, causing extra
   injury to most foes and up to half again as much damage against particularly
   susceptible opponents.
   It can also slow down cold-blooded creatures.
   It affects your dexterity (+2).
Armour
 k - a +1 pair of gloves (worn)
 P - a +0 hat (worn)
Jewellery
 c - an uncursed ring of flight
 f - a ring of resist corrosion (right hand)
 w - a ring of stealth (left hand)
 N - an uncursed ring of fire {unknown}
Wands
 o - a wand of teleportation (7/9)
 y - a wand of flame (13/48)
 z - a wand of paralysis (10/24)
 G - a wand of random effects (13/48)
 M - a wand of hasting (6/9)
Scrolls
 d - 2 scrolls of magic mapping
 l - a scroll of blinking
 r - 2 scrolls of teleportation
 v - 6 scrolls of recharging
 B - a scroll of summoning
 I - 2 scrolls of holy word {unknown}
 J - a scroll of amnesia
 K - 2 scrolls of enchant weapon
 L - a scroll of enchant armour
Potions
 e - 2 potions of magic
 g - 3 potions of ambrosia
 i - 2 potions of flight
 j - a potion of heal wounds
 n - a potion of invisibility
 p - 3 potions of brilliance
 q - a potion of haste {unknown}
 s - 5 potions of curing
 t - 2 potions of might
 x - a potion of cure mutation {unknown}
 A - 3 potions of lignification
 C - 2 potions of mutation
 F - a potion of berserk rage
Books
 a - a book of Flames

   Spells                             Type                      Level
   a - Flame Tongue                   Conjuration/Fire             1
   b - Throw Flame                    Conjuration/Fire             2
   c - Conjure Flame                  Conjuration/Fire             3
   d - Inner Flame                    Hexes/Fire                   3
   e - Sticky Flame                   Conjuration/Fire             4
   f - Fireball                       Conjuration/Fire             5
 u - a Fen Folio

   Spells                             Type                      Level
   a - Corpse Rot                     Necromancy                   2
   b - Stone Arrow                    Conjuration/Earth            3
   c - Leda's Liquefaction            Hexes/Earth                  4
   d - Summon Forest                  Summoning/Translocation      5
   e - Hydra Form                     Transmutation                6
   f - Summon Hydra                   Summoning                    7
 O - a book of Ice

   Spells                             Type                      Level
   a - Ice Form                       Ice/Transmutation            4
   b - Metabolic Englaciation         Hexes/Ice                    5
   c - Ozocubu's Refrigeration        Ice                          6
   d - Bolt of Cold                   Conjuration/Ice              6
   e - Freezing Cloud                 Conjuration/Ice/Air          6
   f - Simulacrum                     Ice/Necromancy               6
Comestibles
 b - 14 bread rations
 m - 4 meat rations
 E - 6 beef jerkies


   Skills:
 + Level 8.1 Fighting
 + Level 7.3 Dodging
 - Level 5.4 Stealth
 + Level 7.1 Spellcasting
 + Level 7.6 Conjurations
 + Level 8.3 Fire Magic


You had 9 spell levels left.
You knew the following spells:

 Your Spells              Type           Power        Failure   Level  Hunger
a - Stone Arrow           Conj/Erth      ###...       6%          3    #......
f - Fireball              Conj/Fire      ####......   10%         5    #####..
l - Flame Tongue          Conj/Fire      ####.        1%          1    None
s - Sticky Flame          Conj/Fire      ####....     3%          4    ###....
t - Throw Flame           Conj/Fire      ####..       1%          2    None


Dungeon Overview and Level Annotations

Branches:
Dungeon (10/15)            Temple (0/1) D:7            Lair (3/8) D:9
  Swamp (0/4) Lair:3
  Snake: Lair:3-6    Spider: Lair:3-6       Orc: D:9-12

Altars:
Ashenzari
Cheibriados
Dithmenos
Elyvilon
Fedhas
Gozag
Kikubaaqudgha
Makhleb
Okawaru
Qazlal
Ru
Sif Muna
Vehumet
Xom
Yredelemnul
Zin

Shops:
D:9 (

Annotations:
D:3 Xelenos's ghost, amateur HaAs


Innate Abilities, Weirdness & Mutations

You can walk through water.
Your dull iron-grey scales are very hard (AC +12).
Your body does not fit into most forms of armour.
You can survive without breathing.
You are cold-blooded and may be slowed by cold attacks.
You have a pair of small horns on your head.
You are clumsy. (Dex -2)
Your flesh is very cold resistant.
Your spells are a little easier to cast, but a little less powerful.


Message History

The slime creature burns!
The slime creature burns!
The slime creature burns!
The slime creature burns!
The slime creature burns!
The slime creature burns!
The slime creature stops burning.
The swamp worm bites you but does no damage.
The slime creature hits you.
Casting: Sticky Flame
Confirm with . or Enter, or press ? or * to list all spells.
Aiming: Sticky Flame
Press: ? - help, Shift-Dir - straight line, f - swamp worm, p - slime creature
Aim: a swamp worm The sticky flame hits the swamp worm.
The swamp worm is moderately wounded.
The swamp worm is covered in liquid flames!
The swamp worm burns!
The swamp worm bites you!!
* * * LOW HITPOINT WARNING * * *
The swamp worm bites you!
You die...

##########
##.#..P##.####
#............#
#...........##
##......♣♣♣♣♣.#
#......♣♣≈≈♣♣♣#
#..@...♣§§§§♣♣
#..wJ..♣≈≈§w§♣
#......♣ §§§≈♣
#......♣♣♣§§♣
##......♣♣.♣♣♣
#...........#
##..#.#.###.#
###.....# ##
##...### ##


You could see a slime creature and a swamp worm (burning).

Vanquished Creatures
  An elephant (D:8)
  3 komodo dragons (Lair:1)
  A giant leech (Lair:3)
  2 trolls (D:9)
  11 yaks
  A vampire (D:9)
  A basilisk (Lair:2)
  2 hippogriffs
  2 porcupines
  7 water moccasins
  3 phantoms
  5 ogres
  A black bear (D:8)
  3 sky beasts
  A necrophage (D:7)
  A wolf (Lair:2)
  3 centaurs
  3 crocodiles
  6 giant frogs
  4 scorpions
  18 killer bees
  4 wights (D:6)
  A crimson imp (D:7)
  2 giant frog skeletons
  A centaur skeleton (D:6)
  4 jellies
  7 orc priests
  10 orc wizards
  Natasha (thrice) (D:4)
  Terence (D:2)
  3 iguanas
  10 worker ants
  A sheep (D:9)
  A worker ant zombie (D:6)
  3 gnolls
  9 adders
  22 river rats
  A shadow imp (D:9)
  2 oozes
  3 adder skeletons
  A worm (D:2)
  A dart slug (D:3)
  3 giant geckos
  26 orcs
  7 bats
  8 giant cockroaches
  8 goblins
  3 hobgoblins
  13 jackals
  2 ball pythons (D:1)
  A ball python skeleton (D:5)
  A giant gecko skeleton (D:6)
  3 giant newts
  2 gnoll zombies (D:7)
  A jackal skeleton (D:5)
  9 kobolds
  A quokka skeleton (D:4)
  A quokka zombie (D:8)
  4 rats
262 creatures vanquished.

Vanquished Creatures (others)
  4 fungi
4 creatures vanquished.

Grand Total: 266 creatures vanquished

Notes
Turn   | Place    | Note
--------------------------------------------------------------
     0 | D:1      | Laphicet the Draconian Fire Elementalist began the quest for the Orb.
     0 | D:1      | Reached XP level 1. HP: 14/14 MP: 3/3
   583 | D:1      | Reached XP level 2. HP: 20/20 MP: 1/5
  1605 | D:2      | Noticed Terence
  1617 | D:2      | Killed Terence
  1617 | D:2      | Reached XP level 3. HP: 21/27 MP: 3/6
  1885 | D:2      | Found a blossoming altar of Fedhas.
  2629 | D:3      | Reached XP level 4. HP: 34/34 MP: 7/7
  2646 | D:3      | Reached skill level 1 in Fighting
  2736 | D:3      | Reached XP level 5. HP: 29/40 MP: 1/9
  2832 | D:3      | Found an iron altar of Okawaru.
  2881 | D:3      | Noticed Xelenos's ghost (amateur HaAs)
  3130 | D:3      | Became a worshipper of Warmaster Okawaru
  3839 | D:4      | Learned a level 4 spell: Sticky Flame
  3860 | D:4      | Found a burning altar of Makhleb.
  3874 | D:4      | Noticed Natasha
  3882 | D:4      | Killed Natasha
  4002 | D:4      | Reached XP level 6. HP: 48/48 MP: 10/10
  4023 | D:4      | Noticed Natasha
  4040 | D:4      | Killed Natasha
  4055 | D:4      | Noticed Natasha
  4063 | D:4      | Killed Natasha
  4180 | D:4      | Reached * piety under Okawaru
  4391 | D:4      | Your scales start taking on a dull iron-grey colour.
  4391 | D:4      | Reached XP level 7. HP: 29/57 MP: 0/12
  4391 | D:4      | Gained mutation: You can survive without breathing. [Grey Draconian growth]
  4646 | D:4      | Found a shadowy altar of Dithmenos.
  4697 | D:4      | Got a slimy rapier
  4698 | D:4      | Identified the +3 rapier "Damarapt" {holy, +Rage rF+} (You found it on level 4 of the Dungeon)
  4933 | D:5      | Entered Level 5 of the Dungeon
  5015 | D:5      | Found a shimmering altar of Xom.
  5066 | D:5      | Gained mutation: You have large cloven feet. [mutagenic meat]
  5067 | D:5      | Gained mutation: You evolve. [mutagenic meat]
  5068 | D:5      | Lost mutation: You have large cloven feet. [mutagenic meat]
  5069 | D:5      | Gained mutation: You occasionally shout uncontrollably at your foes. [mutagenic meat]
  5353 | D:5      | Gained mutation: You have a pair of small horns on your head. [evolution]
  5490 | D:5      | Learned a level 3 spell: Stone Arrow
  5496 | D:5      | Learned a level 5 spell: Fireball
  5577 | D:5      | Gained mutation: Your flesh is cold resistant. [mutagenic meat]
  5638 | D:5      | Reached ** piety under Okawaru
  5640 | D:5      | Reached XP level 8. HP: 59/66 MP: 7/13
  5895 | D:5      | Reached skill level 5 in Fire Magic
  6226 | D:5      | Found a radiant altar of Vehumet.
  7982 | D:6      | Reached skill level 5 in Stealth
  7998 | D:6      | Reached XP level 9. HP: 72/72 MP: 16/16
  8418 | D:7      | Reached skill level 5 in Conjurations
  8429 | D:7      | Learned a level 2 spell: Throw Flame
  8441 | D:7      | Gained mutation: Your flesh is very cold resistant. [evolution]
  8471 | D:7      | Found a sacrificial altar of Ru.
  8525 | D:7      | Reached skill level 5 in Fighting
  8690 | D:7      | Found a basalt altar of Yredelemnul.
  8719 | D:7      | Found a burning altar of Makhleb.
  8782 | D:7      | Found a staircase to the Ecumenical Temple.
  8893 | D:7      | Found a glowing silver altar of Zin.
  8893 | D:7      | Noticed an angel
  9126 | D:7      | Reached skill level 5 in Dodging
  9126 | D:7      | Reached skill level 5 in Spellcasting
  9367 | D:8      | Reached *** piety under Okawaru
  9828 | D:8      | Found a blossoming altar of Fedhas.
  9875 | D:8      | Lost mutation: You occasionally shout uncontrollably at your foes. [evolution]
  9875 | D:8      | Lost mutation: You evolve. [end of evolution]
 10360 | D:8      | Found Zuziudyd's Distillery.
 10368 | D:8      | Bought a potion of degeneration for 10 gold pieces
 10368 | D:8      | Bought a potion of flight for 30 gold pieces
 10368 | D:8      | Bought a potion of might for 40 gold pieces
 10368 | D:8      | Bought a potion of brilliance for 40 gold pieces
 10368 | D:8      | Bought a potion of magic for 80 gold pieces
 10368 | D:8      | Bought a potion of mutation for 25 gold pieces
 10368 | D:8      | Bought a potion of curing for 30 gold pieces
 10439 | D:8      | Found a shattered altar of Ashenzari.
 10439 | D:8      | Found a deep blue altar of Sif Muna.
 10442 | D:8      | Found a snail-covered altar of Cheibriados.
 10671 | D:9      | Reached XP level 10. HP: 64/83 MP: 1/18
 10683 | D:9      | Reached **** piety under Okawaru
 10992 | D:9      | Noticed an elephant
 11052 | D:8      | Killed an elephant
 11365 | D:9      | Found a white marble altar of Elyvilon.
 11365 | D:9      | Found an ancient bone altar of Kikubaaqudgha.
 11368 | D:9      | Found an opulent altar of Gozag.
 11507 | D:9      | Found Cyusuec's Antique Weapon Shop.
 11516 | D:9      | Bought an ivory long sword for 178 gold pieces
 11516 | D:9      | Identified the cursed +1 long sword of Kalororgh {freeze, Dex+2} (You bought it in a shop on level 9 of the Dungeon)
 11884 | D:9      | Gained mutation: You are clumsy. (Dex -2) [mutagenic meat]
 11886 | D:9      | Gained mutation: Your spells are a little easier to cast, but a little less powerful. [mutagenic meat]
 11996 | D:10     | Entered Level 10 of the Dungeon
 12236 | D:9      | Found a staircase to the Lair.
 12424 | Lair:1   | Entered Level 1 of the Lair of Beasts
 13828 | Lair:1   | Reached ***** piety under Okawaru
 14005 | Lair:1   | Reached XP level 11. HP: 25/93 MP: 2/21
 15313 | Lair:2   | Found a stormy altar of Qazlal.
 15636 | Lair:3   | Found a staircase to the Swamp.
 15846 | Lair:2   | Received a gift from Okawaru
 16120 | Lair:3   | HP: 2/94 [giant leech (26)]
 16142 | Lair:3   | Slain by a swamp worm

Skill      XL: |  1  2  3  4  5  6  7  8  9 10 11 |
---------------+----------------------------------+-----
Dodging        | 2 3 4 5 7 |  7.3
Stealth        | 2 3 4 5 |  5.4
Fighting       | 1 2 3 4 6 7 8 |  8.1
Conjurations   | 2 3 4 6 7 |  7.6
Fire Magic     | 4 5 6 7 8 |  8.3
Spellcasting   | 3 4 5 6 7 |  7.1

Action                   |  1- 3 |  4- 6 |  7- 9 | 10-12 || total
-------------------------+-------+-------+-------+-------++-------
Melee: Unarmed           |     2 |       |       |       ||     2
       Short sword       |    53 |   118 |     9 |       ||   180
       Tailslap          |     3 |    19 |    41 |    33 ||    96
       Rapier            |       |       |   334 |   352 ||   686
       Headbutt          |       |       |    35 |    46 ||    81
 Cast: Flame Tongue      |    19 |    63 |   137 |    12 ||   231
       Sticky Flame      |       |       |    17 |    67 ||    84
       Throw Flame       |       |       |     7 |    12 ||    19
       Stone Arrow       |       |       |     1 |       ||     1
Evoke: Wand              |       |       |       |     9 ||     9
  Use: Scroll            |       |       |    19 |     8 ||    27
       Potion            |       |       |       |     3 ||     3
 Stab: Sleeping          |     3 |     2 |     7 |     5 ||    17
       Distracted        |       |       |     1 |     2 ||     3
  Eat: Chunk             |     6 |     5 |    28 |    25 ||    64
       Pizza             |       |       |       |     1 ||     1
       Meat ration       |       |       |       |     1 ||     1
       Beef jerky        |       |       |       |     1 ||     1
Armor: Skin              |    13 |    64 |   225 |   159 ||   461
Dodge: Dodged            |    35 |   123 |   328 |   321 ||   807
